Workbook

Sheet language
A1: ID | B1: 英文 | C1: 简体中文 | D1: 说明 | E1: 模块
A2: key | B2: en | C2: zh-CN
A3: string | B3: string | C3: string
A4: HOME_ICON_GROCERY | B4: Store | C4: 杂货店
A5: HOME_ICON_QUEST | B5: Mission | C5: 任务
A6: HOME_BUTTON_START | B6: Start | C6: 开始旅程
A7: HOME_PAGE_ALLIANCE | B7: Clan | C7: 公会

Sheet !chs
A1: ID | B1: 名称 | C1: 说明 | D1: 模块
A2: key | B2: value
A3: string | B3: string
A4: HOME_ICON_GROCERY | B4: 杂货店 | C4: 主界面 杂货商店图标名称 | D4: 主界面
A5: HOME_ICON_QUEST | B5: 任务 | C5: 主界面 任务系统图标名称 | D5: 主界面
A6: HOME_BUTTON_START | B6: 开始旅程 | C6: 主界面主线按钮，显示“开始旅程” | D6: 主界面
A7: HOME_PAGE_ALLIANCE | B7: 公会 | C7: 主界面底部分页标签名称-公会 | D7: 主界面
A8: HOME_TIPS_LOCKINFO | B8: 系统未解锁
A9: WMAP_PLANET_NAME_1 | B9: 亚特兰蒂斯 | C9: 在世界地图选中星球后，顶部标题显示的名称 | D9: 世界地图
A10: WMAP_PLANET_NAME_2 | B10: 维多利亚 | C10: 在世界地图选中星球后，顶部标题显示的名称 | D10: 世界地图
A11: WMAP_PLANET_NAME_3 | B11: 迷宫 | C11: 在世界地图选中星球后，顶部标题显示的名称 | D11: 世界地图
A12: WMAP_PLANET_NAME_4 | B12: 卡杜修 | C12: 在世界地图选中星球后，顶部标题显示的名称 | D12: 世界地图
A13: WMAP_PLANET_NAME_5 | B13: 至高中枢 | C13: 在世界地图选中星球后，顶部标题显示的名称 | D13: 世界地图
A14: WMAP_PLANET_NAME_6 | B14: 戴安娜 | C14: 在世界地图选中星球后，顶部标题显示的名称 | D14: 世界地图
A15: WMAP_PLANET_NAME_7 | B15: 永恒花园 | C15: 在世界地图选中星球后，顶部标题显示的名称 | D15: 世界地图
A16: WMAP_PLANET_NAME_8 | B16: 议会 | C16: 在世界地图选中星球后，顶部标题显示的名称 | D16: 世界地图
A17: WMAP_PLANET_NAME_9 | B17: 冥河 | C17: 在世界地图选中星球后，顶部标题显示的名称 | D17: 世界地图
A18: WMAP_PLANET_NAME_10 | B18: 英灵殿 | C18: 在世界地图选中星球后，顶部标题显示的名称 | D18: 世界地图
A19: WMAP_PLANET_NAME_11 | B19: 泰坦 | C19: 在世界地图选中星球后，顶部标题显示的名称 | D19: 世界地图
A20: WMAP_PLANET_NAME_12 | B20: 方舟 | C20: 在世界地图选中星球后，顶部标题显示的名称 | D20: 世界地图
... A22: WMAP_BUTTON_ENTER | B22: 进入星球 | C22: 选中已解锁的星球，底部显示的“进入星球”按钮 | D22: 世界地图
A23: WMAP_ROMENUM_1 | B23: 1 | C23: 数字地图星球名称前显示的序号（程序使用，无需翻译） | D23: 世界地图
A24: WMAP_ROMENUM_2 | B24: 2 | C24: 数字地图星球名称前显示的序号（程序使用，无需翻译） | D24: 世界地图
A25: WMAP_ROMENUM_3 | B25: 3 | C25: 数字地图星球名称前显示的序号（程序使用，无需翻译） | D25: 世界地图
A26: WMAP_ROMENUM_4 | B26: 4 | C26: 数字地图星球名称前显示的序号（程序使用，无需翻译） | D26: 世界地图
A27: WMAP_ROMENUM_5 | B27: 5 | C27: 数字地图星球名称前显示的序号（程序使用，无需翻译） | D27: 世界地图
A28: WMAP_ROMENUM_6 | B28: 6 | C28: 数字地图星球名称前显示的序号（程序使用，无需翻译） | D28: 世界地图
A29: WMAP_ROMENUM_7 | B29: 7 | C29: 数字地图星球名称前显示的序号（程序使用，无需翻译） | D29: 世界地图
A30: WMAP_ROMENUM_8 | B30: 8 | C30: 数字地图星球名称前显示的序号（程序使用，无需翻译） | D30: 世界地图
A31: WMAP_ROMENUM_9 | B31: 9 | C31: 数字地图星球名称前显示的序号（程序使用，无需翻译） | D31: 世界地图
A32: WMAP_ROMENUM_10 | B32: 10 | C32: 数字地图星球名称前显示的序号（程序使用，无需翻译） | D32: 世界地图
A33: WMAP_ROMENUM_11 | B33: 11 | C33: 数字地图星球名称前显示的序号（程序使用，无需翻译） | D33: 世界地图
A34: WMAP_ROMENUM_12 | B34: 12 | C34: 数字地图星球名称前显示的序号（程序使用，无需翻译） | D34: 世界地图
A35: AREAMAP_MODE_NAME_1 | B35: 简单 | C35: 简单模式名称 | D35: 区域地图
A36: AREAMAP_MODE_NAME_2 | B36: 困难 | C36: 困难模式名称 | D36: 区域地图
A37: AREAMAP_MODE_NAME_3 | B37: 地狱 | C37: 地狱模式名称 | D37: 区域地图
A38: AREAMAP_MODE_NAME_4 | B38: 所有难度 | C38: 用于任务描述读取参数 | D38: 区域地图
A39: AREAMAP_TIPS_TITLE | B39: 解锁条件 | C39: 解锁框标题 | D39: 区域地图
A40: AREAMAP_UNLOCK_9001 | B40: 通关{0}{1}模式{2}关 | C40: 关卡解锁条件提示 {0}取星球名称key {1}取难度模式key {2}取地图配置中关卡的展示id | D40: 区域地图
A41: AREAMAP_UNLOCK_9002 | B41: 完成{0}主线关卡{1} | C41: 任务解锁条件提示 {0}取星球名称key {1}任务名称key | D41: 区域地图
A42: RACE_HUD_SPEED | B42: 米/秒 | C42: 界面上展示玩家的速度单位 | D42: 追逐玩法
A43: RACE_WORD_BLAST | B43: 消除 | C43: 单次点消超出X次后，出现普通加速，画面中弹出提示 | D43: 追逐玩法
A44: RACE_WORD_BOOST | B44: 加速 | C44: 单次点消超出X次后，出现普通加速，画面中弹出提示 | D44: 追逐玩法
A45: RACE_WORD_EBOOST | B45: 超级<br/>加速 | C45: 触发超级加速后，画面中间出现超级加速的特效，特效上的文字说明 | D45: 追逐玩法
A46: RACE_ENEMY_DISTANCE | B46: 注意！敌人离你还有{0}米！ | C46: 当敌人靠近玩家时，出现提示文字{0}显示敌人与我方的距离 | D46: 追逐玩法
... A53: MATCH_TIPS_ADVENTURE_SKILL | B53: 点击棋盘上的方块释放英雄技能 | C53: 关卡中点击冒险技能后，弹出冒险技能的操作提示 | D53: 关卡内
A54: TIP_CONDITION_3001 | B54: 已进入第{0}回合 | C54: 关卡内tips提示的文字配置
A55: TIP_CONDITION_3002 | B55: 已有英雄血量剩余{0}% | C55: 关卡内tips提示的文字配置
A56: TIP_CONDITION_10002 | B56: 已达成{0}连COMB | C56: 关卡内tips提示的文字配置
A57: COMBO_TEXT_COMBO | B57: 连击 x{0} | C57: Combo文字 | D57: COMBO
A58: COMBO_TEXT_READY | B58: 狂热连击<br/>时刻 | C58: Combo动画文字 | D58: COMBO
A59: COMBO_TEXT_ATK | B59: 伤害+{0}% | C59: Combo伤害文字 | D59: COMBO
A60: STAGE_UI_CONDITIONS_1003 | B60: 指定角色死亡即可获胜 | C60: 当胜利条件=1003时，关卡展示界面显示文字的提示
A61: STAGE_UI_CONDITIONS_2005 | B61: 指定角色死亡则失败 | C61: 当失败条件=2005时，关卡展示界面显示文字的提示
A62: STAGE_UI_CONDITIONS_2006 | B62: 英雄血量低于{0}%则失败 | C62: 当失败条件=2006时，关卡展示界面显示文字的提示。{0}读取配置数值
A63: STAGE_RACE_UI | B63: 逃离敌人的追捕！ | C63: 关卡展示界面，追逐玩法的说明文字 | D63: 关卡展示
A64: STAGE_COLLECT_UI | B64: 收集素材！
A65: STAGE_OBSTACLE_UI_0 | B65: 收集钥匙解开大门！
A66: STAGE_OBSTACLE_UI_1 | B66: 完成拼图谜题！ | C66: 关卡展示界面，收集玩法的说明文字 | D66: 关卡展示
A67: STAGE_OBSTACLE_UI_2 | B67: 收集炸药摧毁巨墙！ | C67: 关卡展示界面，障碍玩法的说明文字 | D67: 关卡展示
A68: CONDITION_STAR_10000 | B68: 通关宝箱关卡！ | C68: 宝箱关结算时没有三星，显示一段话
A69: CONDITION_STAR_10001 | B69: 完成关卡 | C69: 关卡界面,点击星级弹窗，显示的条件描述文字 | D69: 关卡展示
A70: CONDITION_STAR_10002 | B70: 达成{0}次COMBO通关 | C70: 关卡界面,点击星级弹窗，显示的条件描述文字 | D70: 关卡展示
A71: CONDITION_STAR_10003 | B71: {0}步内完成关卡通关 | C71: 关卡界面,点击星级弹窗，显示的条件描述文字 | D71: 关卡展示
A72: CONDITION_STAR_10004 | B72: 全队无死亡通关 | C72: 关卡界面,点击星级弹窗，显示的条件描述文字 | D72: 关卡展示
A73: CONDITION_STAR_10005 | B73: 结算时全队生命高于{0}%通关 | C73: 关卡界面,点击星级弹窗，显示的条件描述文字 | D73: 关卡展示
A74: CONDITION_STAR_10006 | B74: 全队生命全程在{0}%以上通关 | C74: 关卡界面,点击星级弹窗，显示的条件描述文字 | D74: 关卡展示
A75: CONDITION_STAR_10007 | B75: 全队没有受到伤害通关 | C75: 关卡界面,点击星级弹窗，显示的条件描述文字 | D75: 关卡展示
A76: CONDITION_STAR_10008 | B76: 不使用技能通关 | C76: 关卡界面,点击星级弹窗，显示的条件描述文字 | D76: 关卡展示
A77: CONDITION_STAR_10009 | B77: 不使用道具 | C77: 关卡界面,点击星级弹窗，显示的条件描述文字 | D77: 关卡展示
A78: CONDITION_STAR_10010 | B78: 不使用复活 | C78: 关卡界面,点击星级弹窗，显示的条件描述文字 | D78: 关卡展示
A79: STAGE_NAME_1 | B79: 主线关卡 | C79: 关卡展示界面文字内容 | D79: 关卡展示
A80: STAGE_NAME_2 | B80: 支线关卡 | C80: 关卡展示界面文字内容 | D80: 关卡展示
... A104: DEPLOY_NPC_CHANG_TIPS | B104: 剧情NPC不能换位置 | C104: 阵位上拖动其他英雄和剧情NPC换位的提示 | D104: 布阵界面
A105: DEPLOY_NPC_LIMITED_TIPS | B105: 请将限时体验NPC替换下阵
A106: BAG_ORNAMENT_TEXT | B106: Heading to synthesis | D106: 前往合成
A107: BAG_TYPE | B107: 类型 | C107: 背包类型文字 | D107: 背包
A108: BAG_TYPE_1 | B108: 道具 | C108: 查看背包物品TIPS显示的类型文字:道具 | D108: 背包
A109: BAG_TYPE_2 | B109: 碎片 | C109: 查看背包物品TIPS显示的类型文字:碎片 | D109: 背包
A110: BAG_TYPE_3 | B110: 英雄卡 | C110: 查看背包物品TIPS显示的类型文字:英雄卡 | D110: 背包
A111: BAG_TYPE_4 | B111: 货币 | C111: 查看背包物品TIPS显示的类型文字:货币 | D111: 背包
A112: BAG_TYPE_5 | B112: 货币包 | C112: 查看背包物品TIPS显示的类型文字:货币包 | D112: 背包
A113: BAG_TYPE_6 | B113: 宝箱 | C113: 查看背包物品TIPS显示的类型文字:宝箱 | D113: 背包
A114: BAG_TYPE_8 | B114: 关卡道具 | C114: 查看背包物品TIPS显示的类型文字:宝箱 | D114: 背包
A115: BAG_EMPTY | B115: 空空如也 | C115: 当背包中没有任何物品时，显示的文字内容 | D115: 背包
A116: BAG_QUA | B116: 拥有 | C116: 物品TIPS显示拥有数量 | D116: 背包
A117: GET_TITLE | B117: 恭喜获得 | C117: 恭喜获得界面标题 | D117: 背包
A118: CLICK_CONTINUE | B118: 点击继续 | C118: 通用的点击继续的文字 | D118: 背包
... A186: MISSON_CONDITIN3_LEVEL5 | B186: 通关所有〔STAGE_NAME_1〕 | C186: 通关所有类型关卡的描述（举例：通关所有{主线关卡}） | D186: 任务
A187: MISSON_CONDITIN3_LEVEL6 | B187: 通关〔STAGE_NAME_2〕〈p7〉 | C187: 通关指定类型关卡的描述（举例：通关{支线关卡}{2-5}）
A188: MISSON_CONDITIN3_LEVEL7 | B188: 通关所有〔STAGE_NAME_2〕 | C188: 通关所有类型关卡的描述（举例：通关所有{支线关卡}） | D188: 任务
A189: MISSON_CONDITIN4_CALL1 | B189: 任意召唤〈p1〉次 | C189: 召唤任务描述 | D189: 任务
A190: MISSON_CONDITIN8_SHOP1 | B190: 商店购买〈p1〉次 | D190: 任务
A191: MISSON_CONDITIN1_LOGIN1 | B191: 每日登录 | C191: 登录任务描述 | D191: 任务
A192: MISSON_CONDITIN1_LOGIN2 | B192: 连续登录〈p1〉天 | C192: 登录任务描述 | D192: 任务
A193: MISSON_CONDITIN1_LOGIN3 | B193: 累计登录〈p1〉天 | C193: 登录任务描述 | D193: 任务
A194: MISSON_CONDITIN11_MIJING | B194: 通关秘境〔MATCHLAND_NAME{p3}〕-〈p4〉 | C194: 通关秘境〈名字〉-〈关卡ID〉
A195: MATCHLAND_NAME1 | B195: 寻找物资 | C195: 任务度读取参数匹配对应玩法的名字
A196: MATCHLAND_NAME2 | B196: 修理飞船 | C196: 任务度读取参数匹配对应玩法的名字
A197: MATCHLAND_NAME3 | B197: 寻找宝物 | C197: 任务度读取参数匹配对应玩法的名字
...

Sheet !en
A1: ID | B1: 名称 | D1: 说明 | E1: 模块
A2: key | B2: value
A3: string | B3: string
A4: HOME_ICON_GROCERY | B4: Store | C4: 杂货店
A5: HOME_ICON_QUEST | B5: Mission | C5: 任务
A6: HOME_BUTTON_START | B6: Start | C6: 开始旅程
A7: HOME_PAGE_ALLIANCE | B7: Clan | C7: 公会
A8: HOME_TIPS_LOCKINFO | B8: The module is locked! | C8: 系统未解锁
A9: WMAP_TITLE_MAPNAME | B9: Celestial Map | C9: 星际地图 | E9: 世界地图
A10: WMAP_PLANET_NAME_1 | B10: Pisces Dominion | C10: 双鱼水星
A11: WMAP_PLANET_NAME_2 | B11: Aries Planetoid | C11: 白羊工业星
A12: WMAP_PLANET_NAME_3 | B12: Taurus Tartarus | C12: 金牛迷宫星
A13: WMAP_PLANET_NAME_4 | B13: Republic of Gemini | C13: 双子共和国
A14: WMAP_PLANET_NAME_5 | B14: Cancer Babylonia | C14: 巨蟹巴比伦
A15: WMAP_PLANET_NAME_6 | B15: Leo Savana | C15: 狮子大草原 | E15: 英雄描述
A16: WMAP_PLANET_NAME_7 | B16: Virgo Fairyland | C16: 处女仙境 | E16: 英雄描述
A17: WMAP_PLANET_NAME_8 | B17: Sphere of Libra | C17: 天秤观测体 | E17: 英雄描述
A18: WMAP_PLANET_NAME_9 | B18: Scorpio Cluster | C18: 天蝎星团 | E18: 英雄描述
A19: WMAP_PLANET_NAME_10 | B19: Sagittarius Satellite | C19: 射手卫星 | E19: 英雄描述
A20: WMAP_PLANET_NAME_11 | B20: Capricorn Crystalline | C20: 摩羯晶星 | E20: 英雄描述
A21: WMAP_PLANET_NAME_12 | B21: Arc of Aquarius | C21: 水瓶方舟 | E21: 英雄描述
A22: WMAP_TIPS_UNLOCK | B22: Complete the last planet to unlock | C22: 完成前一个星球解锁 | E22: 英雄描述
A23: WMAP_BUTTON_ENTER | B23: Enter | C23: 进入星球 | E23: 英雄描述
A24: WMAP_ROMENUM_1 | B24: 1 | C24: 1 | E24: 怪物名字
A25: WMAP_ROMENUM_2 | B25: 2 | C25: 2 | E25: 怪物名字
A26: WMAP_ROMENUM_3 | B26: 3 | C26: 3 | E26: 怪物名字
A27: WMAP_ROMENUM_4 | B27: 4 | C27: 4 | E27: 怪物名字
A28: WMAP_ROMENUM_5 | B28: 5 | C28: 5 | E28: 怪物名字
A29: WMAP_ROMENUM_6 | B29: 6 | C29: 6 | E29: 怪物名字
A30: WMAP_ROMENUM_7 | B30: 7 | C30: 7 | E30: 怪物名字
A31: WMAP_ROMENUM_8 | B31: 8 | C31: 8 | E31: 怪物名字
A32: WMAP_ROMENUM_9 | B32: 9 | C32: 9 | E32: 怪物名字
A33: WMAP_ROMENUM_10 | B33: 10 | C33: 10 | E33: 怪物名字
A34: WMAP_ROMENUM_11 | B34: 11 | C34: 11 | E34: BOSS描述
A35: WMAP_ROMENUM_12 | B35: 12 | C35: 12 | E35: BOSS描述
A36: AREAMAP_MODE_NAME_1 | B36: Easy | C36: 简单 | E36: BOSS描述
A37: AREAMAP_MODE_NAME_2 | B37: Hard | C37: 困难 | E37: 任务
A38: AREAMAP_MODE_NAME_3 | B38: Hell | C38: 地狱 | E38: 任务
A39: AREAMAP_MODE_NAME_4 | B39: All Difficulty | C39: 所有难度 | E39: 任务
A40: AREAMAP_TIPS_TITLE | B40: Unlock Condition | C40: 解锁条件 | E40: 任务
A41: AREAMAP_UNLOCK_9001 | B41: Clear stage {2} in {0} under {1} mode | C41: 通关{0}{1}模式{2}关 | E41: 任务
A42: AREAMAP_UNLOCK_9002 | B42: Complete the Main Quest, {1}, in {0} | C42: 完成{0}主线任务{1} | E42: 任务
A43: AREAMAP_UNLOCK_TEXT_OR | B43: or | C43: 或者 | E43: 区域地图
A44: RACE_HUD_SPEED | B44: m/s | C44: 米/秒 | E44: 任务
A45: RACE_WORD_BLAST | B45: Blast | C45: 消除 | E45: 任务
A46: RACE_WORD_BOOST | B46: Boost | C46: 加速 | E46: 任务
A47: RACE_WORD_EBOOST | B47: Super<br/>Boost | C47: 超级<br/>加速 | E47: 任务
... A51: MATCH_TIPS_MOVELEFT | B51: 5 moves left! | C51: 剩余5步 | E51: 任务
A52: MATCH_TIPS_ENEMYROUND | B52: Enemy's Turn | C52: 敌人行动回合
A53: MATCH_HUD_TEXTMOVE | B53: MOVE | C53: 步数 | E53: 任务
A54: MATCH_HUD_SHOWWAVE | B54: WAVE | C54: 波数 | E54: 任务
A55: MATCH_TIPS_ENEMYROUND | B55: Enemy's Turn | C55: 敌人行动回合
A56: MATCH_TIPS_ADVENTURE_SKILL | B56: Tap on any area on the grid to unleash the Hero skill | C56: 点击棋盘上的方块释放英雄技能 | E56: 任务
A57: COMBO_TEXT_COMBO | B57: Combo x{0} | C57: 连击 x{0}
A58: COMBO_TEXT_READY | B58: Combo<br/>Time | C58: 狂热连击<br/>时刻
A59: COMBO_TEXT_ATK | B59: DMG+{0}% | C59: 伤害+{0}% | D59: Combo伤害文字，{0}为伤害加成 | E59: COMBO
A60: STAGE_UI_CONDITIONS_1003 | B60: The designated character dies to win | C60: 指定角色死亡即可获胜 | E60: 物品名字
A61: STAGE_UI_CONDITIONS_2005 | B61: Fails if the specified character dies | C61: 指定角色死亡则失败 | E61: 物品名字
A62: STAGE_UI_CONDITIONS_2006 | B62: The hero's HP is lower than {0}% and it will fail | C62: 英雄血量低于{0}%则失败 | E62: 物品名字
A63: STAGE_RACE_UI | B63: Escape enemy grasp! | C63: 逃脱敌人的追捕！ | E63: 物品名字
A64: STAGE_COLLECT_UI | B64: Collect materials! | C64: 收集素材！ | E64: 物品名字
A65: STAGE_OBSTACLE_UI_0 | B65: Open the gate! | C65: 收集钥匙解开大门！
A66: STAGE_OBSTACLE_UI_1 | B66: Complete the puzzles! | C66: 完成拼图谜题！
A67: STAGE_OBSTACLE_UI_2 | B67: Destroy the wall! | C67: 收集炸药摧毁巨墙！
A68: CONDITION_STAR_10001 | B68: Clear the stage | C68: 完成关卡 | E68: 物品名字
A69: CONDITION_STAR_10002 | B69: Make a {0}x Blast COMBO | C69: 达成{0}次COMBO通关 | E69: 物品名字
A70: CONDITION_STAR_10003 | B70: Clear the stage within {0} moves | C70: {0}步内完成关卡通关
A71: CONDITION_STAR_10004 | B71: Clear the stage with no casualties | C71: 全队无死亡通关
A72: CONDITION_STAR_10005 | B72: Clear the stage with HP higher than {0}% for the entire team | C72: 结算时全队生命高于{0}%通关 | E72: 物品名字
A73: CONDITION_STAR_10006 | B73: Keep HP above {0}% during the battle for the entire team | C73: 全队生命全程在{0}%以上通关
A74: CONDITION_STAR_10007 | B74: Clear the stage without taking any damage | C74: 全队没有受到伤害通关
A75: CONDITION_STAR_10008 | B75: Clear the stage without using any hero Ultimate | C75: 不使用任何英雄绝招通关 | E75: 物品名字
A76: CONDITION_STAR_10009 | B76: No use of props | C76: 不使用道具
A77: CONDITION_STAR_10010 | B77: No resurrection | C77: 不使用复活
A78: STAGE_NAME_1 | B78: Main stages | C78: 主线关卡 | E78: 物品名字
A79: STAGE_NAME_2 | B79: Side Stage | C79: 支线关卡 | E79: 物品名字
A80: STAGE_NAME_3 | B80: All Type of Stages | C80: 隐藏关卡 | E80: 物品名字
A81: STAGE_NAME_4 | B81: All Stages | C81: 所有关卡 | E81: 物品名字
A82: STAGE_NAME_5 | B82: Treasure | C82: 宝藏关卡 | E82: 关卡展示
A83: STAGE_REWARD_F | B83: First Time Reward | C83: 首通奖励 | E83: 物品名字
A84: STAGE_REWARD_3S | B84: First Time 3 Stars Reward | C84: 首3星奖励 | E84: 物品名字
A85: STAGE_GOAL_TITLE | B85: 3-Star Conditions | C85: 3星通关条件 | E85: 物品名字
A86: STAGE_WAVE | B86: Waves | C86: 波数 | E86: 物品名字
A87: STAGE_BUTTON_DEPLOY | B87: Deploy | C87: 布阵 | E87: 物品名字
A88: STAGE_BUTTON_STAR | B88: Start | C88: 开始 | E88: 物品名字
A89: STAGE_BUTTON_OK | B89: OK | C89: 确认 | E89: 物品名字
... A91: STAGE_DEPLOY_GROUP2 | B91: Enemy Team | C91: 敌方 | E91: 物品名字
A92: STAGE_DEPLOY_TUIJIAN | B92: Recommend | C92: 推荐
A93: STAGE_NO_HERO | B93: Deploy your heroes | C93: 请上阵英雄 | E93: 物品名字
A94: BAG_TYPE | B94: Type | C94: 类型 | E94: 物品名字
A95: BAG_TYPE_1 | B95: Items | C95: 道具 | E95: 背包页签名字
A96: BAG_TYPE_2 | B96: Shards | C96: 碎片 | E96: 背包页签名字
A97: BAG_TYPE_3 | B97: Hero Cards | C97: 英雄卡 | E97: 物品名字
A98: BAG_TYPE_4 | B98: Currency | C98: 货币 | E98: 物品名字
A99: BAG_TYPE_5 | B99: Coin Bundles | C99: 货币包 | E99: 物品名字
A100: BAG_TYPE_6 | B100: Reward Boxes | C100: 宝箱 | E100: 物品名字
A101: BAG_TYPE_8 | B101: Booster | C101: 关卡道具 | E101: 物品名字
A102: BAG_ORNAMENT_TEXT | B102: Heading to synthesis | C102: Heading to synthesis | E102: 前往合成
A103: BAG_EMPTY | B103: Empty | C103: 空空如也 | E103: 物品名字
A104: BAG_QUA | B104: Have | C104: 拥有 | E104: 物品名字
...

Sheet !Sheet1
B1: 翻译表UI页签内容 | F1: 翻译表缺失部分检查
A2: LOGIN_NEWGAME | B2: New Game | C2: 开始新游戏 | F2: {=LOOKUP(1,0/(A2='!en'!A:A),'!en'!B:B)} -> New Game
A3: LOGIN_ACCOUNTLOGIN | B3: Login | C3: 账号登录 | F3: {=LOOKUP(1,0/(A3='!en'!A:A),'!en'!B:B)} -> Login
A4: LOGIN_ACCOUT_TITLE | B4: Platform Login | C4: 平台登录 | F4: {=LOOKUP(1,0/(A4='!en'!A:A),'!en'!B:B)} -> Platform Login
A5: LOGIN_ACCOUT_DESC | B5: Log in with your favorite platform to not only save your progress but also enable you to log in and play on other devices as well! | C5: 使用账号,以保存您的游戏进度，账号在其他设备上可随时继续游戏 | F5: {=LOOKUP(1,0/(A5='!en'!A:A),'!en'!B:B)} -> Log in with your favorite platform to not only save your progress but also enable you to log in and play on other devices as well!
A6: LOGIN_ACCOUT_USEGOOGLE | B6: Log in with Google | C6: 使用Google登录 | F6: {=LOOKUP(1,0/(A6='!en'!A:A),'!en'!B:B)} -> Log in with Google
A7: LOGIN_ACCOUT_USEFACEBOOK | B7: Log in with Facebook | C7: 使用Facebook登录 | F7: {=LOOKUP(1,0/(A7='!en'!A:A),'!en'!B:B)} -> Log in with Facebook
A8: LOGIN_LOADACCOUNT_TITLE | B8: Load Account | C8: 同步数据 | F8: {=LOOKUP(1,0/(A8='!en'!A:A),'!en'!B:B)} -> Load Account
A9: LOGIN_LOADACCOUNT_DESC | B9: Do you want to load the account of, {0} (ID: {1}) | C9: 您的账号已包含一个名为{0}的游戏账号(ID:{1})，加载后，本地游戏进度将丢失。 | F9: {=LOOKUP(1,0/(A9='!en'!A:A),'!en'!B:B)} -> Do you want to load the account of, {0} (ID: {1}) Note: current local progress on this device will be lost once loaded and switched.
A10: LOGIN_SUSPEND_DESC | B10: The account, {0} (ID: {1}) is under suspension, the progress will be permanently deleted at, {2}. Click Recover to re-login and recover the account. | C10: 您登录的名为{0}的游戏账(ID:{1})已被停用，此账号将于{2}正式删除，点击“恢复账号”重新登录游戏，可恢复账号 | F10: {=LOOKUP(1,0/(A10='!en'!A:A),'!en'!B:B)} -> The account, {0} (ID: {1}) is under suspension, the progress will be permanently deleted at, {2}. Click Recover to re-login and recover the account.
A11: LOGIN_LOADACCOUNT_CANCEL | B11: Cancel | C11: 取消 | F11: {=LOOKUP(1,0/(A11='!en'!A:A),'!en'!B:B)} -> Cancel
A12: LOGIN_LOADACCOUNT_LOAD | B12: Load | C12: 加载 | F12: {=LOOKUP(1,0/(A12='!en'!A:A),'!en'!B:B)} -> Load
A13: LOGIN_SUSPEND_TITLE | B13: Account Suspended | C13: 账号已停用 | F13: {=LOOKUP(1,0/(A13='!en'!A:A),'!en'!B:B)} -> Account Suspended
... A108: AREAMAP_LEVELSHOW_11208 | B108: Lane-2 | C108: 小路-2 | F108: {=LOOKUP(1,0/(A108='!en'!A:A),'!en'!B:B)} -> Lane-2
A109: AREAMAP_LEVELSHOW_21108 | B109: Factory-1 | C109: 工厂-1 | F109: {=LOOKUP(1,0/(A109='!en'!A:A),'!en'!B:B)} -> Factory-1 | G109: !
A110: AREAMAP_LEVELSHOW_21110 | B110: Factory-2 | C110: 工厂-2 | F110: {=LOOKUP(1,0/(A110='!en'!A:A),'!en'!B:B)} -> Factory-2
A111: AREAMAP_LEVELSHOW_21112 | B111: Factory-3 | C111: 工厂-3 | F111: {=LOOKUP(1,0/(A111='!en'!A:A),'!en'!B:B)} -> Factory-3
A112: AREAMAP_LEVELSHOW_21114 | B112: Factory-4 | C112: 工厂-4 | F112: {=LOOKUP(1,0/(A112='!en'!A:A),'!en'!B:B)} -> Factory-4
A113: AREAMAP_LEVELSHOW_21107 | B113: Mine-1 | C113: 矿场-1 | F113: {=LOOKUP(1,0/(A113='!en'!A:A),'!en'!B:B)} -> Mine-1
A114: AREAMAP_LEVELSHOW_21109 | B114: Mine-2 | C114: 矿场-2 | F114: {=LOOKUP(1,0/(A114='!en'!A:A),'!en'!B:B)} -> Mine-2
A115: AREAMAP_LEVELSHOW_21111 | B115: Mine-3 | C115: 矿场-3 | F115: {=LOOKUP(1,0/(A115='!en'!A:A),'!en'!B:B)} -> Mine-3
A116: AREAMAP_LEVELSHOW_21113 | B116: Mine-4 | C116: 矿场-4 | F116: {=LOOKUP(1,0/(A116='!en'!A:A),'!en'!B:B)} -> Mine-4
A117: AREAMAP_LEVELSHOW_21115 | B117: Mine-5 | C117: 矿场-5 | F117: {=LOOKUP(1,0/(A117='!en'!A:A),'!en'!B:B)} -> Mine-5
A118: AREAMAP_LEVELSHOW_21116 | B118: Mine-6 | C118: 矿场-6 | F118: {=LOOKUP(1,0/(A118='!en'!A:A),'!en'!B:B)} -> Mine-6
A119: AREAMAP_LEVELSHOW_21201 | B119: Sub-A | C119: 下城区-A | F119: {=LOOKUP(1,0/(A119='!en'!A:A),'!en'!B:B)} -> Sub-A
A120: AREAMAP_LEVELSHOW_21202 | B120: Sub-B | C120: 下城区-B | F120: {=LOOKUP(1,0/(A120='!en'!A:A),'!en'!B:B)} -> Sub-B
A121: AREAMAP_LEVELSHOW_21203 | B121: Sub-C | C121: 下城区-C | F121: {=LOOKUP(1,0/(A121='!en'!A:A),'!en'!B:B)} -> Sub-C
... A338: MATCHLAND_HOWTOPLAY_CONT | B338: 1.The Mystery Land is open regularly every week. | C338: 1.秘境玩法将周期性开启，每周循环 | F338: {=LOOKUP(1,0/(A338='!en'!A:A),'!en'!B:B)} -> 1.The Mystery Land is open regularly every week. 2.During the opening period, the number of challenges will be limited. 3. After passing the level,you can get generous rewards. 4.After passing the last level, you can repeat the last level and continue to get rewards.
B339: 2.During the opening period, the number of challenges will be limited. | C339: 2.玩法开放期间，限定挑战次数
B340: 3. After passing the level,you can get a generous reward | C340: 3.不同类型的玩法，通关后获得不同的资源
B341: 4.After passing the last level, you can repeat the last level and continue to get rewards. | C341: 4.通关玩法的最后一关后，可重复挑战最后一关并继续获得奖励
A344: DRAW_DAILY_NAME | B344: Call of Common | C344: 普通召唤 | F344: {=LOOKUP(1,0/(A344='!en'!A:A),'!en'!B:B)} -> Great Summoner
A345: DRAW_COLOIR_NAME | B345: Call of Senior | C345: 高级召唤 | F345: {=LOOKUP(1,0/(A345='!en'!A:A),'!en'!B:B)} -> Celestial Summoner
A346: DRAW_BUTTON_ONE | B346: Draw 1 | C346: 召唤1次 | F346: {=LOOKUP(1,0/(A346='!en'!A:A),'!en'!B:B)} -> Draw 1
A347: DRAW_BUTTON_TEN | B347: Draw 10 | C347: 召唤10次 | F347: {=LOOKUP(1,0/(A347='!en'!A:A),'!en'!B:B)} -> Draw 10
B348: FREE | C348: 免费
A349: DRAW_TYPE1_DES | B349: Heroes and Items | C349: 英雄和道具 | F349: {=LOOKUP(1,0/(A349='!en'!A:A),'!en'!B:B)} -> Heroes and Items
A350: DRAW_TYPE2_DES | B350: Draw 10 must [color=#ffdf863,#fccb34][size=40]5 star[/size][/color] | C350: 10连必出 [color=#ffdf863,#fccb34][size=40]5星[/size][/color]英雄 | F350: {=LOOKUP(1,0/(A350='!en'!A:A),'!en'!B:B)} -> 5-Star heroes waiting for you!
A351: DRAW_AGGTITTLE | B351: Summon Reward | C351: 累计召唤奖励 | F351: {=LOOKUP(1,0/(A351='!en'!A:A),'!en'!B:B)} -> Summon Rewards
A352: DRAW_AGGTITTLE2 | B352: Rules | C352: 规则说明 | F352: {=LOOKUP(1,0/(A352='!en'!A:A),'!en'!B:B)} -> Rules
A353: DRAW_AGGRULE | B353: 1. Rewards can be obtained repetitively. After claiming the last one, the rewards will be reset | C353: 1.奖励可循环获得，领取最高奖励后，重置次数 | F353: {=LOOKUP(1,0/(A353='!en'!A:A),'!en'!B:B)} -> 1. Rewards can be obtained repetitively. After claiming the last, rewards will reset. 2. Only the Great Summoner amount counts.
B354: 2. The times of summoning only counts the Regular Summon. | C354: 2.奖励次数统计只针对繁星召唤卡池，其他不算
A355: DRAW_AGGDES_LEFT | B355: Summon {num=10} times | C355: 召唤{num=10}次 | F355: {=LOOKUP(1,0/(A355='!en'!A:A),'!en'!B:B)} -> Summon {num=10} times
A356: DRAW_AGGDES_RIGHT | B356: ×{num=10} | C356: ×{num=10} | F356: {=LOOKUP(1,0/(A356='!en'!A:A),'!en'!B:B)} -> ×{num=10}
A357: DRAW_AGGDES_HERO | B357: 1 {name=奖励} | C357: 1个{name=奖励} | F357: {=LOOKUP(1,0/(A357='!en'!A:A),'!en'!B:B)} -> 1 {name=reward}
A358: DRAW_SKIP | B358: SKIP | C358: 跳过动画 | F358: {=LOOKUP(1,0/(A358='!en'!A:A),'!en'!B:B)} -> SKIP
A359: DRAW_NEW | B359: NEW | C359: 新 | F359: {=LOOKUP(1,0/(A359='!en'!A:A),'!en'!B:B)} -> NEW
A360: STAGE_BUTTON_OK | B360: OK | C360: 确认 | F360: {=LOOKUP(1,0/(A360='!en'!A:A),'!en'!B:B)} -> OK
A361: DRAW_ITEM_NONE | B361: Not enough item, use {num} {name} to purchase? | C361: 道具不足，是否直接消耗{num}{name}补齐？ | F361: {=LOOKUP(1,0/(A361='!en'!A:A),'!en'!B:B)} -> Not enough required item, use {num} {name} to purchase?
A362: DRAW_ITEM_DIAMOND | B362: Not enough gems，click confirm to get more? | C362: 钻石不足，是否到商城购买？ | F362: {=LOOKUP(1,0/(A362='!en'!A:A),'!en'!B:B)} -> Not enough gems，click confirm to get more?
A363: DRAW_POOR_RATE | B363: Details | C363: 概率说明 | F363: {=LOOKUP(1,0/(A363='!en'!A:A),'!en'!B:B)} -> Details
A364: DRAW_POOR_PRE_TITLE | B364: Prize Preview | C364: 奖池预览 | F364: {=LOOKUP(1,0/(A364='!en'!A:A),'!en'!B:B)} -> Summon Pool
A365: DRAW_POOR_HERO_TITLE | B365: Heros | C365: 英雄 | F365: {=LOOKUP(1,0/(A365='!en'!A:A),'!en'!B:B)} -> Heroes
A366: DRAW_POOR_SHARD_TITLE | B366: Shards | C366: 碎片 | F366: {=LOOKUP(1,0/(A366='!en'!A:A),'!en'!B:B)} -> Shards
... A509: TOWER_RULE_TEXT | B509: 1. You can receive the hang-up income in the exploration of planets, the default hang-up limit is 24 hours | C509: 1. 在探索星球玩法中可以领取挂机收益，默认挂机上限24小时 | F509: {=LOOKUP(1,0/(A509='!en'!A:A),'!en'!B:B)} -> 1. You can receive the Exploration Returns in the Exploration, the default Exploration Returns limit is 24 hours. 2. Earnings are calculated every minute and can be collected after 30 minutes. 3. The further the planets are explored, the more the Exploration Returns income increases. 4. Fast Returns can directly receive the current 5 hours of income, the first time for free. 5. Buy the telescope, you can improve the Returns, increase the maximum Returns time, and get a boost buff in the battle, permanent effect.
B510: 2. Earnings are calculated every minute and can be collected after 30 minutes. | C510: 2. 收益按照每分钟计算，满30分钟之后可领取
B511: 3. The further the planets are explored, the more the hang-up income increases | C511: 3. 探索的星球越远越多，收益对应增加
B512: 4. Fast hang-ups can directly receive the current 5 hours of income, the first time for free | C512: 4. 快速挂机可直接领取当前5小时收益，首次免费
B513: 5. Buy the telescope prop, you can improve the income, increase the maximum hanging time, and get a boost buff in the battle, permanent effect | C513: 5. 购买望远镜道具，可提升每分钟收益，增加挂机上限时长，并且战斗中获得提升buff,永久有效
A514: TOWER_NAME | B514: Exploration | C514: 探索星球 | F514: {=LOOKUP(1,0/(A514='!en'!A:A),'!en'!B:B)} -> Exploration
A515: TOWER_EFFIC | B515: Exploration Returns | C515: 挂机效益 | F515: {=LOOKUP(1,0/(A515='!en'!A:A),'!en'!B:B)} -> Exploration Returns
A516: TOWER_FLOOR_NAME | B516: No.{0} Planets | C516: {0} 号行星 | F516: {=LOOKUP(1,0/(A516='!en'!A:A),'!en'!B:B)} -> No.{0} Planets
A517: TOWER_BOX | B517: Bonus Preview | C517: 奖励预览 | F517: {=LOOKUP(1,0/(A517='!en'!A:A),'!en'!B:B)} -> Bonus Preview
A518: TOWER_BOX_BOSS | B518: BOSS level rewards | C518: BOSS关奖励预览 | F518: {=LOOKUP(1,0/(A518='!en'!A:A),'!en'!B:B)} -> BOSS level rewards
A519: TOWER_VIP_NAME | B519: Telescope | C519: 望远镜 | F519: {=LOOKUP(1,0/(A519='!en'!A:A),'!en'!B:B)} -> Binoculars
A520: TOWER_FAST | B520: Quick Returns | C520: 快速挂机 | F520: {=LOOKUP(1,0/(A520='!en'!A:A),'!en'!B:B)} -> Quick Returns
A521: TOWER_FAST_TEXT | B521: Get 5 hours of hang time immediately with the power of time | C521: 借助时间的力量，立即获得5小时的挂机收益 | F521: {=LOOKUP(1,0/(A521='!en'!A:A),'!en'!B:B)} -> Get 5 hours of hang time immediately with the power of time
A522: TOWER_FAST_TIME | B522: Remaining times today: | C522: 今日剩余次数： | F522: {=LOOKUP(1,0/(A522='!en'!A:A),'!en'!B:B)} -> Remaining times today:
A523: TOWER_CLEAR_INFOR | B523: Minimum Move Pass | C523: 最少步数通关 | F523: {=LOOKUP(1,0/(A523='!en'!A:A),'!en'!B:B)} -> Minimum Move Pass
A524: TOWER_CLEAR_MOVE | B524: Move | C524: 步数 | F524: {=LOOKUP(1,0/(A524='!en'!A:A),'!en'!B:B)} -> Move
A525: TOWER_CLEAR_LINEUP | B525: Pass Lineup | C525: 通关阵容 | F525: {=LOOKUP(1,0/(A525='!en'!A:A),'!en'!B:B)} -> Pass Lineup
... A544: BATTLE_RULE_TEXT | B544: 1.You can challenge other players for rewards in the arena. | C544: 1. 可以在竞技场中挑战其他玩家获得奖励。 | F544: {=LOOKUP(1,0/(A544='!en'!A:A),'!en'!B:B)} -> 1.You can challenge other players for rewards in the arena. 2.There are 5 challenge chances per day, when the chance is insufficient,it will be added once every 2 hours. 3.When win,your rank will be swapped with opponent's and get the victory rewards; When fail, your rank will remain unchanged and get the failure rewards. 4. Daily rankings will be cut off at 21:00 every day, and rewards will be issued via email after logging back in the next day. 5.Season rewards will be issued via email at the end of the season.
C545: 2. 挑战次数每2个小时增加1次，累计上限为5次。
B546: 2.There are 5 challenge chances per day, when the chance is insufficient,it will be added once every 2 hours. | C546: 3. 挑战成功则与对手的排名互换并获得奖励，挑战失败排名不变，依然有失败奖励。
C547: 4. 每日排名将在每天21:00截止榜单，奖励在次日重新登录后通过邮件形式发放。
B548: 3.When win,your rank will be swapped with opponent's and get the victory rewards; When fail, your rank will remain unchanged and get the failure rewards. | C548: 5.赛季奖励会在赛季结算时通过邮件发放，请注意查收。
B550: 4. Daily rankings will be cut off at 21:00 every day, and rewards will be issued via email after logging back in the next day.
B552: 5.Season rewards will be issued via email at the end of the season.
A553: BATTLE_CHALLENGE_TIPS | B553: Not enough chances | C553: 挑战次数不足 | F553: {=LOOKUP(1,0/(A553='!en'!A:A),'!en'!B:B)} -> Not enough chances
A554: BATTLE_UNLOCK_TIPS | B554: Complete the story of Gemini | C554: 完成双子座的剧情 | F554: {=LOOKUP(1,0/(A554='!en'!A:A),'!en'!B:B)} -> Complete the story of Gemini
A555: BATTLE_MODULE_TIPS | B555: Players set up privacy protection | C555: 竞技场，当点击机器人玩家时提示（用来假装真人玩家） | F555: {=LOOKUP(1,0/(A555='!en'!A:A),'!en'!B:B)} -> Players set up privacy protection
A556: BATTLE_JS_PM | B556: Rank | C556: 排名 | F556: {=LOOKUP(1,0/(A556='!en'!A:A),'!en'!B:B)} -> Rank
A557: BATTLE_JS_NEXT | B557: Next | C557: 确认 | F557: {=LOOKUP(1,0/(A557='!en'!A:A),'!en'!B:B)} -> Next
A558: BATTLE_PMJL_TITLE | B558: Arena Rewards | C558: 竞技场奖励 | F558: {=LOOKUP(1,0/(A558='!en'!A:A),'!en'!B:B)} -> Arena Rewards
A559: BATTLE_PMJL_MR | B559: Day | C559: 每日奖励 | F559: {=LOOKUP(1,0/(A559='!en'!A:A),'!en'!B:B)} -> Day
A560: BATTLE_PMJL_SJ | B560: Season | C560: 赛季奖励 | F560: {=LOOKUP(1,0/(A560='!en'!A:A),'!en'!B:B)} -> Season
A561: BATTLE_PMJL_DJS | B561: Receive rewards in: | C561: 领奖倒计时 | F561: {=LOOKUP(1,0/(A561='!en'!A:A),'!en'!B:B)} -> Receive rewards in:
A562: BATTLE_PMJL_MYJL | B562: My rewards | C562: 我的奖励 | F562: {=LOOKUP(1,0/(A562='!en'!A:A),'!en'!B:B)} -> My rewards
A563: BATTLE_PM_TITLE | B563: Leaderboard | C563: 排行榜 | F563: {=LOOKUP(1,0/(A563='!en'!A:A),'!en'!B:B)} -> Dracon Coliseum
A564: BATTLE_PM_MYPM | B564: My rank | C564: 我的排名 | F564: {=LOOKUP(1,0/(A564='!en'!A:A),'!en'!B:B)} -> My rank
... A692: SIGN_ABOUT_DESC | B692: 1.Log in every day to claim the rewards. | C692: 1.每天登录可领取奖励。 | F692: {=LOOKUP(1,0/(A692='!en'!A:A),'!en'!B:B)} -> 1.Log in every day to claim the rewards. 2.You have a chance to claim the rewards that you didn't log in before. 3.The Login Reward will be refreshed after the activity ends. 4.If you don't claim the rewards,they will disappear after refreshing.
B694: 2.You have a chance to claim the rewards that you didn't log in before. | C694: 2.每天有机会补签之前没有登录的奖励。
B696: 3.The Login Reward will be refreshed after the activity ends. | C696: 3.签到奖励将持续一段时间后刷新。
B698: 4.If you don't claim the rewards,they will disappear after refreshing. | C698: 4.如果没有领取奖励，签到刷新后奖励将消失。
A701: OLREWARD_TITLE | B701: Online Reward | C701: 在线奖励 | F701: {=LOOKUP(1,0/(A701='!en'!A:A),'!en'!B:B)} -> Online Reward
A702: OLREWARD_DESC | B702: next reward: | C702: 下一个奖励 | F702: {=LOOKUP(1,0/(A702='!en'!A:A),'!en'!B:B)} -> next reward:
A703: OLREWARD_ALLCLAIM | B703: Online Rewards is finished today | C703: 今日在线奖励已结束 | F703: {=LOOKUP(1,0/(A703='!en'!A:A),'!en'!B:B)} -> Online Rewards is finished today
A704: OLREWARD_MIN | B704: Min | C704: 分钟 | F704: {=LOOKUP(1,0/(A704='!en'!A:A),'!en'!B:B)} -> Min
A707: STAGE_TXT_LEVELCOMPLETE | B707: LEVEL COMPLETE! | C707: 闯关成功 | F707: {=LOOKUP(1,0/(A707='!en'!A:A),'!en'!B:B)} -> LEVEL COMPLETE!
A708: STORYSTAGE_TARGET_1 | B708: Blast the red blocks to save the girl | C708: 消除红色方块拯救少女 | F708: {=LOOKUP(1,0/(A708='!en'!A:A),'!en'!B:B)} -> Blast the blue blocks to save the girl
...

Sheet !多语言表模板
A1: key | B1: English | C1: ChineseSimplified | D1: 拓展语言1 | E1: 拓展语言2 | F1: 拓展语言3 | G1: module | H1: des
A2: HOME_ICON_STORE | B2: Shop | C2: 商店 | G2: 主界面 | H2: 主界面 内购商店图标名称
A3: HOME_ICON_GROCERY | B3: Store | C3: 杂货店 | G3: 主界面 | H3: 主界面 杂货商店图标名称
